 Dungeon Sprint DCSS version 0.21-a0-113-g6841d05 (webtiles) character file.

23524 minicreteconcrete the Timeless (level 13, 0/124 HPs)
             Began as a Hill Orc Gladiator on July 12, 2017.
             Was a High Priest of Cheibriados.
             Killed by divine providence
             ... invoked by Saint Roka
              (14 damage)
             ... in the Dungeon (Sprint IX: "|||||||||||||||||||||||||||||").
             The game lasted 00:16:42 (1191 turns).

minicreteconcrete the Timeless (Hill Orc Gladiator) Turns: 1191, Time: 00:16:42

Health: 0/124      AC: 17    Str: 33    XL:     13   Next: 7%
Magic:  5/27       EV: 17    Int: 26    God:    Cheibriados [*****.]
Gold:   116        SH:  0    Dex: 25    Spells: 16/21 levels left

rFire    . . .     SeeInvis .   a - +3 war axe (freeze)
rCold    . . .     Gourm    +   (no shield)
rNeg     . . .     Faith    .   q - +3 chain mail
rPois    .         Spirit   .   L - +0 helmet
rElec    .         Reflect  .   Q - scarf {cloud immunity}
rCorr    .         Harm     .   K - +0 pair of gloves
MR       .....     NoTele   +   (no boots)
Stlth    ..........             P - amulet of the gourmand
HPRegen  0.30/turn              w - +3 ring of intelligence
MPRegen  0.20/turn              x - +3 ring of intelligence

@: very slow
A: no striking features
a: Bend Time, Temporal Distortion, Slouch, Step From Time, Renounce Religion,
Convert to Beogh


You were in the Dungeon.
You worshipped Cheibriados.
Cheibriados was extremely pleased with you.
You were not hungry.

You visited 1 branch You collected 1900 gold pieces.
You spent 1784 gold pieces at shops.

Inventory:

Hand Weapons
 a - a +3 war axe of freezing (weapon)
 j - the +10 shortbow "Bokhliter" {venom, Int+4}
   (You found it in the Dungeon)

   It poisons the ammo it fires.
   It affects your intelligence (+4).
 r - a +2 morningstar of crushing
 N - a +0 battleaxe
 V - a +0 blowgun
Missiles
 d - 3 throwing nets (quivered)
 M - 2 javelins
 W - 7 curare-tipped needles
Armour
 q - a +3 chain mail (worn)
 E - a +0 plate armour
 K - a +0 pair of gloves (worn)
 L - a +0 helmet (worn)
 Q - a scarf of cloud immunity (worn)
Magical Staves
 b - an uncursed staff of energy
Jewellery
 c - an uncursed ring of fire
 w - a +3 ring of intelligence (left hand)
 x - a +3 ring of intelligence (right hand)
 F - an uncursed ring of stealth
 P - an amulet of the gourmand (around neck)
 X - an uncursed ring of protection from cold
 Y - a +4 amulet of reflection
 Z - an uncursed ring of protection from magic
Wands
 p - a wand of lightning (1/15)
Scrolls
 k - 2 scrolls of blinking
 n - 2 scrolls of remove curse
 o - 2 scrolls of amnesia
 u - 2 scrolls of enchant armour
 y - a scroll of fog
 A - 2 scrolls of recharging
 B - 4 scrolls of identify
 C - 2 scrolls of enchant weapon
 D - 5 scrolls of fear
 H - a scroll of immolation
Potions
 e - 9 potions of curing
 g - 2 potions of heal wounds
 h - 2 potions of haste
 i - 4 potions of magic
 l - 3 potions of agility
 m - a potion of invisibility
 t - a potion of brilliance
 z - 3 potions of might
 S - 2 potions of ambrosia
 T - 2 potions of resistance
 U - a potion of mutation
Books
 O - a book of Battle

   Spells                             Type                      Level
   a - Infusion                       Charms                       1
   b - Shroud of Golubria             Charms/Translocation         2
   c - Song of Slaying                Charms                       2
   d - Spectral Weapon                Hexes/Charms                 3
   e - Regeneration                   Charms/Necromancy            3
Comestibles
 f - 12 bread rations
 G - 13 meat rations
 I - 40 fruits


   Skills:
 + Level 14.1 Fighting
 + Level 20.7 Axes
 + Level 4.0 Throwing
 + Level 9.7 Armour
 + Level 9.1 Dodging
 + Level 1.3 Stealth
 * Level 4.8 Spellcasting
 * Level 5.4 Charms
 * Level 6.1 Necromancy
 - Level 1.4 Translocations
 - Level 21.4 Invocations
 + Level 8.1 Evocations


You had 16 spell levels left.
You knew the following spells:

 Your Spells              Type           Power        Failure   Level  Hunger
a - Shroud of Golubria    Chrm/Tloc      ###.......   11%         2    None
r - Regeneration          Chrm/Necr      #####.....   8%          3    ##.....


Dungeon Overview and Level Annotations

Branches:
Dungeon (1/1)

Altars:
Cheibriados
Dithmenos
Elyvilon
Fedhas
Gozag
Hepliaklqana
Kikubaaqudgha
Makhleb
Nemelex Xobeh
Okawaru
Qazlal
Ru
Sif Muna
Trog
Uskayaw
Vehumet
Wu Jian
Xom
Yredelemnul
Zin
The Shining One
Beogh
Jiyva
Lugonu

Shops:
D ![*:

Annotations:
D Saint Roka


Message History

You hit Saint Roka. You freeze Saint Roka.
Saint Roka is severely wounded.
You hit Saint Roka but do no damage.
Saint Roka is severely wounded.
Saint Roka hits you with an enchanted bardiche!!
* * * LOW HITPOINT WARNING * * *
You hear a chilling moan.
You hear a croak.
You can feel time thicken for a moment.
You feel somewhat more hungry.
Cheibriados lowers the support of your attributes as your movement quickens.
You hear a chilling moan.
You hear a loud, deep croak!
You slash Saint Roka! You freeze Saint Roka.
Saint Roka is almost dead.
Saint Roka hits you with an enchanted bardiche!!
* * * LOW HITPOINT WARNING * * *
You feel much better.
You slash Saint Roka! You freeze Saint Roka.
Saint Roka is almost dead.
Saint Roka invokes the aid of Beogh against you.
Beogh smites you!
You die...

▓▓▓♣♣♣♣♣♣♣♣♣♣▓▓▓▓▓▓▓▓▓▓▓
.)).).o@))..............
▓▓▓▓▓▓▓▓▓▓▓▓▓▓▓▓▓▓▓▓▓▓▓▓▓▓▓▓▓▓▓▓▓
.....(([.))[[[†[.†.......'.......
▓▓▓▓▓▓▓▓▓▓▓▓▓▓▓▓▓▓▓▓▓▓▓▓▓▓▓▓▓▓▓▓▓
.(.(.(.....).....................
▓▓▓▓▓▓▓▓▓▓▓▓▓▓▓▓▓▓▓▓▓▓▓▓▓▓▓▓▓▓▓▓▓
)......')))))∩)∩)∩.∩.))..'.......
▓▓▓▓▓▓▓▓▓▓▓▓▓▓▓▓▓▓▓▓▓▓▓▓▓▓▓▓▓▓▓▓▓
.............................)...


You could see Saint Roka.

Vanquished Creatures
  A fire giant (D)
  A very ugly thing (D)
  2 stone giants (D)
  Nessos (D)
  A great orb of eyes (D)
  An ogre mage (D)
  A hydra (D)
  2 two-headed ogres (D)
  A death yak (D)
  A deep troll shaman (D)
  Urug (D)
  Sonja (D)
  An orc knight (D)
  7 orc sorcerers (D)
  A manticore (D)
  8 elephants (D)
  Joseph (D)
  3 spiny frogs (D)
  Psyche (D)
  An efreet (D)
  A freezing wraith (D)
  A meliai (D)
  2 slime creatures (D)
  A hornet (shapeshifter) (D)
  A hippogriff (shapeshifter) (D)
  A blink frog (D)
  4 yaks (D)
  Eustachio (D)
  A basilisk (D)
  A hungry ghost (D)
  A vampire mosquito (D)
  2 water moccasins (D)
  2 porcupines (D)
  9 orc warriors (D)
  A black bear (D)
  An ice beast (D)
  2 eyes of draining (D)
  A wolf (D)
  3 bullfrogs (D)
  A wight (D)
  A crimson imp (D)
  A hound (D)
  3 orc priests (D)
  9 orc wizards (D)
  An adder (D)
  A leopard gecko (D)
  15 orcs (D)
  A bat skeleton (D)
  A giant cockroach (D)
  A ball python zombie (D)
  A frilled lizard (D)
  A goblin (D)
  A kobold (D)
  A rat (D)
112 creatures vanquished.

Notes
Turn   | Place    | Note
-------+----------+-------------------------------------------
     0 | D        | minicreteconcrete the Hill Orc Gladiator began the quest for the Orb.
     0 | D        | Reached XP level 1. HP: 18/18 MP: 1/1
    28 | D        | Noticed a crimson imp
    37 | D        | Reached skill level 5 in Axes
    37 | D        | Reached XP level 2. HP: 25/25 MP: 2/2
    44 | D        | Killed a crimson imp
    44 | D        | Reached XP level 3. HP: 31/31 MP: 3/3
    52 | D        | Found a roughly hewn altar of Beogh.
    52 | D        | Found a snail-covered altar of Cheibriados.
    52 | D        | Found a shadowy altar of Dithmenos.
    52 | D        | Found a white marble altar of Elyvilon.
    52 | D        | Found a blossoming altar of Fedhas.
    52 | D        | Found an opulent altar of Gozag.
    53 | D        | Found a hazy altar of Hepliaklqana.
    54 | D        | Found a viscous altar of Jiyva.
    55 | D        | Found an ancient bone altar of Kikubaaqudgha.
    56 | D        | Became a worshipper of Cheibriados the Contemplative
    57 | D        | Found a corrupted altar of Lugonu.
    58 | D        | Found a burning altar of Makhleb.
    59 | D        | Found a sparkling altar of Nemelex Xobeh.
    60 | D        | Found an iron altar of Okawaru.
    61 | D        | Found a stormy altar of Qazlal.
    62 | D        | Found a sacrificial altar of Ru.
    63 | D        | Found a deep blue altar of Sif Muna.
    64 | D        | Found a bloodstained altar of Trog.
    65 | D        | Found a hide-covered altar of Uskayaw.
    66 | D        | Found a radiant altar of Vehumet.
    67 | D        | Found an ornate altar of the Wu Jian Council.
    68 | D        | Found a shimmering altar of Xom.
    69 | D        | Found a basalt altar of Yredelemnul.
    70 | D        | Found a glowing silver altar of Zin.
    71 | D        | Found a glowing golden altar of the Shining One.
   148 | D        | Noticed an eye of draining
   148 | D        | Noticed a yak
   148 | D        | Noticed a bullfrog
   148 | D        | Noticed an ice beast
   154 | D        | Killed an eye of draining
   154 | D        | Reached skill level 1 in Armour
   154 | D        | Reached skill level 5 in Dodging
   154 | D        | Reached XP level 4. HP: 41/41 MP: 0/4
   154 | D        | Reached XP level 5. HP: 47/47 MP: 0/5
   156 | D        | Killed a yak
   156 | D        | Reached skill level 5 in Fighting
   156 | D        | Reached skill level 4 in Invocations
   156 | D        | Reached XP level 6. HP: 56/56 MP: 0/9
   166 | D        | Reached * piety under Cheibriados
   169 | D        | Reached skill level 5 in Invocations
   172 | D        | Killed an ice beast
   172 | D        | Reached ** piety under Cheibriados
   172 | D        | Reached skill level 6 in Invocations
   172 | D        | Reached XP level 7. HP: 45/63 MP: 1/11
   191 | D        | Noticed a vampire mosquito
   191 | D        | Noticed a hungry ghost
   191 | D        | Noticed a two-headed ogre
   191 | D        | Noticed a slime creature
   191 | D        | Noticed a two-headed ogre
   194 | D        | Killed a vampire mosquito
   198 | D        | Killed a two-headed ogre
   198 | D        | Reached *** piety under Cheibriados
   198 | D        | Reached skill level 15 in Axes
   198 | D        | Reached skill level 8 in Invocations
   198 | D        | Reached XP level 8. HP: 58/73 MP: 2/14
   198 | D        | Reached skill level 9 in Invocations
   199 | D        | Killed a slime creature
   208 | D        | Killed a two-headed ogre
   208 | D        | Reached skill level 5 in Armour
   208 | D        | Reached skill level 10 in Invocations
   208 | D        | Reached XP level 9. HP: 34/82 MP: 3/16
   321 | D        | Noticed a spiny frog
   323 | D        | Noticed a spiny frog
   329 | D        | Reached **** piety under Cheibriados
   335 | D        | Killed a spiny frog
   335 | D        | Reached skill level 11 in Invocations
   347 | D        | Reached ***** piety under Cheibriados
   355 | D        | Killed a spiny frog
   355 | D        | Reached XP level 10. HP: 54/93 MP: 18/18
   359 | D        | Reached skill level 10 in Fighting
   375 | D        | Noticed a spiny frog
   375 | D        | Noticed a four-headed hydra
   377 | D        | Reached skill level 12 in Invocations
   377 | D        | Killed a spiny frog
   378 | D        | Killed a four-headed hydra
   378 | D        | Reached skill level 5 in Evocations
   378 | D        | Reached ****** piety under Cheibriados
   379 | D        | Noticed a death yak
   395 | D        | Killed a death yak
   395 | D        | Reached skill level 13 in Invocations
   426 | D        | Noticed an elephant
   426 | D        | Noticed an elephant
   426 | D        | Noticed an elephant
   426 | D        | Noticed an elephant
   426 | D        | Noticed an elephant
   426 | D        | Noticed an elephant
   435 | D        | Killed an elephant
   438 | D        | Noticed an elephant
   440 | D        | Killed an elephant
   440 | D        | Reached XP level 11. HP: 47/104 MP: 14/21
   449 | D        | Reached skill level 14 in Invocations
   454 | D        | Reached skill level 15 in Invocations
   518 | D        | Noticed Eustachio
   522 | D        | Killed Eustachio
   561 | D        | Noticed Joseph
   568 | D        | Killed Joseph
   655 | D        | Noticed an orc knight
   657 | D        | Reached skill level 16 in Invocations
   661 | D        | Killed an orc knight
   709 | D        | Found Pocin's Distillery.
   709 | D        | Noticed an orc sorcerer
   709 | D        | Noticed an orc sorcerer
   709 | D        | Noticed an orc sorcerer
   712 | D        | Noticed an orc sorcerer
   712 | D        | Killed an orc sorcerer
   712 | D        | Reached skill level 17 in Invocations
   712 | D        | Killed an orc sorcerer
   712 | D        | Killed an orc sorcerer
   712 | D        | Reached skill level 1 in Stealth
   717 | D        | Killed an orc sorcerer
   731 | D        | Found Dubbi's Antique Armour Shoppe.
   735 | D        | Found Zutal's Assorted Antiques.
   739 | D        | Found Hyuwet's Book Shoppe.
   740 | D        | Noticed an orc sorcerer
   741 | D        | Noticed an orc sorcerer
   744 | D        | Killed an orc sorcerer
   744 | D        | Reached skill level 18 in Invocations
   744 | D        | Killed an orc sorcerer
   744 | D        | Reached XP level 12. HP: 62/116 MP: 19/25
   754 | D        | Bought a book of Battle for 400 gold pieces
   758 | D        | Learned a level 3 spell: Regeneration
   761 | D        | Bought a thick diamond amulet for 110 gold pieces
   765 | D        | Bought an embroidered scarf for 160 gold pieces
   765 | D        | Bought a pair of ichor-stained boots for 190 gold pieces
   770 | D        | Identified the cursed -3 pair of boots of Woagalevug {rElec} (You bought it in a shop in the Dungeon)
   779 | D        | Bought 2 potions of ambrosia for 224 gold pieces
   779 | D        | Bought 2 potions of resistance for 280 gold pieces
   779 | D        | Bought a potion of mutation for 112 gold pieces
   779 | D        | Bought a potion of heal wounds for 70 gold pieces
   779 | D        | Bought 2 potions of curing for 84 gold pieces
   779 | D        | Bought 2 potions of might for 112 gold pieces
   779 | D        | Bought a potion of curing for 42 gold pieces
   824 | D        | Noticed Psyche
   830 | D        | Killed Psyche
   830 | D        | Reached skill level 1 in Charms
   838 | D        | Noticed Urug
   851 | D        | Killed Urug
   851 | D        | Reached skill level 1 in Necromancy
   851 | D        | Reached skill level 19 in Invocations
   863 | D        | Noticed Sonja
   867 | D        | Killed Sonja
   867 | D        | Reached skill level 1 in Spellcasting
   934 | D        | Got the +10 shortbow "Bokhliter" {venom, Int+4}
   982 | D        | Learned a level 2 spell: Shroud of Golubria
   990 | D        | Noticed a fire giant
   992 | D        | Noticed an ogre mage
   996 | D        | Killed a fire giant
   996 | D        | Reached skill level 20 in Invocations
   996 | D        | Killed an ogre mage
  1008 | D        | Noticed a stone giant
  1008 | D        | HP: 3/117 [stone giant/large rock (43)]
  1025 | D        | Killed a stone giant
  1045 | D        | Noticed a stone giant
  1046 | D        | Upgraded the game from 0.21-a0-111-g52d2817 to 0.21-a0-113-g6841d05
  1050 | D        | Noticed a great orb of eyes
  1057 | D        | Killed a stone giant
  1057 | D        | Reached skill level 5 in Necromancy
  1057 | D        | Reached skill level 1 in Translocations
  1063 | D        | Killed a great orb of eyes
  1063 | D        | Reached skill level 21 in Invocations
  1095 | D        | Noticed a deep troll shaman
  1103 | D        | Killed a deep troll shaman
  1107 | D        | Noticed a green very ugly thing
  1119 | D        | Killed a green very ugly thing
  1119 | D        | Reached skill level 5 in Charms
  1119 | D        | Reached XP level 13. HP: 24/124 MP: 25/27
  1166 | D        | Noticed Saint Roka
  1168 | D        | Noticed Nessos
  1171 | D        | Killed Nessos
  1189 | D        | HP: 1/124 [Saint Roka/enchanted bardiche (32)]
  1191 | D        | Killed from afar by Saint Roka

Vault maps used:
D:        linesprint

Skill      XL: |  1  2  3  4  5  6  7  8  9 10 11 12 13 |
---------------+----------------------------------------+-----
Throwing       | 2 3 4 |  4.0
Dodging        | 3 4 5 6 7 8 9 |  9.1
Axes           | 5 7 9 11 13 15 17 18 20 | 20.7
Fighting       | 3 4 5 6 7 8 9 12 13 14 | 14.1
Armour         | 1 2 4 5 6 7 9 |  9.7
Invocations    | 4 6 8 10 11 13 18 21 | 21.4
Evocations     | 2 3 4 5 6 7 8 |  8.1
Stealth        | 1 |  1.3
Charms         | 5 |  5.4
Necromancy     | 5 6 |  6.1
Spellcasting   | 4 |  4.8
Translocations | 1 |  1.4

Action                   |  1- 3 |  4- 6 |  7- 9 | 10-12 | 13-15 || total
-------------------------+-------+-------+-------+-------+-------++-------
Melee: War axe           |    36 |    18 |    44 |   119 |    20 ||   237
 Cast: Regeneration      |       |       |       |    10 |     4 ||    14
       Shroud of Golubri |       |       |       |     3 |       ||     3
Invok: Slouch            |       |       |       |    28 |     5 ||    33
Evoke: Wand              |       |       |     6 |       |       ||     6
       Staff of energy   |       |       |     3 |    36 |       ||    39
  Use: Potion            |     1 |       |     1 |     5 |     1 ||     8
       Scroll            |       |       |       |     2 |       ||     2
  Eat: Chunk             |       |       |     2 |     8 |       ||    10
       Bread ration      |       |       |       |     1 |       ||     1
Armor: Leather armour    |    10 |       |       |       |       ||    10
       Ring mail         |       |     4 |     8 |    16 |       ||    28
       Chain mail        |       |       |       |    10 |     1 ||    11
Dodge: Dodged            |    21 |     9 |    20 |    84 |     6 ||   140
